 Dungeon Crawl Stone Soup version 0.28-a0-925-gd5e1996cdb (webtiles) character file.

Game seed: 17421283457387878340

1422 ryw the Cleaver (level 8, 0/71 HPs)
             Began as a Minotaur Fighter on Nov 26, 2021.
             Succumbed to a gnoll's poison
             ... on level 6 of the Dungeon.
             The game lasted 00:09:59 (5104 turns).

ryw the Cleaver (Minotaur Fighter)                  Turns: 5104, Time: 00:10:00

Health: 0/71       AC: 14    Str: 22    XL:     8   Next: 44%
Magic:  7/7        EV:  6    Int:  5    God:
Gold:   311        SH:  5    Dex: 17    Spells: 7/7 levels left

rFire   . . .      SeeInvis .   a - +1 war axe
rCold   . . .      Faith    .   c - +0 buckler
rNeg    . . .      Spirit   .   t - +0 plate armour
rPois   .          Reflect  .   (helmet restricted)
rElec   .          Harm     .   s - +0 cloak
rCorr   +          Rampage  .   (no gloves)
Will    .....                   (no boots)
Stlth   ..........              (no amulet)
HPRegen 0.21/turn               i - ring of resist corrosion
MPRegen 0.10/turn               u - +6 ring of dexterity

@: lethally poisoned (0 -> -14), flying
A: horns 2, retaliatory headbutt
a: no special abilities


You were on level 6 of the Dungeon.
You visited 1 branch of the dungeon, and saw 6 of its levels.

You collected 311 gold pieces.

Inventory:

Hand Weapons
 a - a +1 war axe (weapon)
Missiles
 e - 4 javelins (quivered)
 o - a throwing net
Armour
 b - a +1 scale mail
 c - a +0 buckler (worn)
 s - a +0 cloak (worn)
 t - a +0 plate armour (worn)
Jewellery
 i - a ring of resist corrosion (left hand)
 u - a +6 ring of dexterity (right hand)
Wands
 r - a wand of flame (39)
Scrolls
 f - 2 scrolls of enchant armour
 h - 3 scrolls of identify {unknown}
 k - 2 scrolls of fear
 p - 2 scrolls of enchant weapon
Potions
 d - 2 potions of might
 g - a potion of lignification {unknown}
 j - a potion of haste {unknown}
 l - 2 potions of heal wounds {unknown}
 m - a potion of berserk rage {unknown}
 n - 2 potions of curing {unknown}
 q - a potion of magic {unknown}
 v - a potion of flight


   Skills:
 + Level 6.7 Fighting
 * Level 8.6 Axes
 + Level 7.9 Armour
 - Level 4.4 Shields


You had 7 spell levels left.
You didn't know any spells.
Your spell library contained the following spells:

 Spells                   Type           Power      Damage    Failure   Level
 Beastly Appendage        Tmut           0%         N/A       100%        1
 Wereblood                Tmut           0%         N/A       100%        2
 Spider Form              Tmut/Pois      0%         N/A       100%        3
 Chain Lightning          Conj/Air       0%         N/A       100%        9
 Fire Storm               Conj/Fire      0%         5d1       100%        9
 Shatter                  Erth           0%         3d5*      100%        9


Dungeon Overview and Level Annotations

Branches:
Dungeon (6/15)
 Temple: D:4-7

Altars:
Ashenzari
Dithmenos
Elyvilon
Kikubaaqudgha
Uskayaw
Yredelemnul
Zin

Shops:
D:3 [   D:5 :

Annotations:
D:5 3 runed translucent doors, Crazy Yiuf; sirJeffrey23's ghost, novice DsMo


Innate Abilities, Weirdness & Mutations

You have a pair of horns on your head.
You reflexively headbutt those who attack you in melee.


Message History

The gnoll hits you but does no damage.
You are more poisoned.
The gnoll hits you but does no damage.
You hit the gnoll. You headbutt the gnoll.
You kill the gnoll!
You hit the gnoll but do no damage.
You feel very sick. The gnoll hits you but does no damage.
You are more poisoned.
You block the gnoll's attack.
You closely miss the gnoll.
You feel very sick.
The gnoll hits you with a +2 halberd of venom.
You are too injured to fight recklessly!
Unknown command.
You are too injured to fight recklessly!
You are too injured to fight recklessly!
You are too injured to fight recklessly!
You hit the gnoll.
The gnoll is heavily wounded.
You feel very sick.
The gnoll hits you with a +2 halberd of venom.
* * * LOW HITPOINT WARNING * * *
You are lethally poisoned!
You barely miss the gnoll. You headbutt the gnoll.
You kill the gnoll!
* * * LOW HITPOINT WARNING * * *
You feel extremely sick.
Unknown command.
Unknown command.
* * * LOW HITPOINT WARNING * * *
You feel very sick.
Things that are here:
a +0 whip; a gnoll corpse
* * * LOW HITPOINT WARNING * * *
You feel very sick.
It was a potion of flight.
You feel very buoyant.
You fly up into the air.
You die...

#+## ##...## #####
##.....## ....#
##.......## ##.#.#
##.........####....#
.'.........+....)).#
.#.........# #....#
.##.......# ##)).##
.###.....## #.@...#
.# ##...## #.....#
.# ##'## #.....# .#
#.# ##...## .## #.#
##.## ....##.####
#.# ##........# #.#
#........#######.#
#.(..............#


There were no monsters in sight!

Vanquished Creatures
  Sigmund (D:2)
  An ice beast (D:4)
  A sky beast (D:5)
  2 ogres (D:4)
  A phantom (D:4)
  A wyvern zombie (D:6)
  2 scorpions (D:5)
  A water moccasin skeleton (D:5)
  3 hounds (D:4)
  2 jellies
  A gnoll shaman (D:5)
  A centaur skeleton (D:4)
  2 iguanas (D:4)
  An orc wizard (D:3)
  Robin (D:3)
  12 gnolls
  11 adders
  3 worms
  5 dart slugs
  10 orcs
  3 endoplasms
  2 giant cockroaches (D:3)
  19 goblins
  9 hobgoblins
  3 jackals (D:3)
  4 quokkas
  6 ball pythons
  5 bats
  2 frilled lizards
  A jackal skeleton (D:4)
  7 kobolds
  7 rats
130 creatures vanquished.

Notes
Turn   | Place    | Note
-------+----------+-------------------------------------------
     0 | D:1      | ryw the Minotaur Fighter began the quest for the Orb.
     0 | D:1      | Reached XP level 1. HP: 19/19 MP: 0/0
   201 | D:1      | Reached XP level 2. HP: 27/27 MP: 1/1
   383 | D:1      | Reached skill level 3 in Axes
   941 | D:2      | Noticed Sigmund
   948 | D:2      | Killed Sigmund
   949 | D:2      | Reached skill level 4 in Axes
   949 | D:2      | Reached skill level 5 in Armour
   949 | D:2      | Reached XP level 3. HP: 24/34 MP: 2/2
   949 | D:2      | Reached XP level 4. HP: 29/41 MP: 3/3
   949 | D:2      | Reached XP level 5. HP: 34/47 MP: 4/4
  1117 | D:2      | Found a faded altar of an unknown god.
  1685 | D:3      | Found a shadowy altar of Dithmenos.
  1774 | D:3      | Noticed Robin
  1804 | D:3      | Killed Robin
  1895 | D:3      | Reached XP level 6. HP: 44/53 MP: 5/5
  1901 | D:3      | Reached skill level 5 in Axes
  2295 | D:3      | Found a glowing silver altar of Zin.
  2336 | D:3      | Found Puemeosch's Armour Boutique.
  2729 | D:4      | Found a white marble altar of Elyvilon.
  2742 | D:4      | Found an ancient bone altar of Kikubaaqudgha.
  2746 | D:4      | Found a broken altar of Ashenzari.
  2882 | D:4      | Reached skill level 5 in Fighting
  3098 | D:4      | Noticed an ice beast
  3103 | D:4      | Reached skill level 6 in Axes
  3103 | D:4      | Reached XP level 7. HP: 61/61 MP: 6/6
  3430 | D:4      | Reached skill level 7 in Axes
  3909 | D:5      | Entered Level 5 of the Dungeon
  3909 | D:5      | Found Joohi's Book Boutique.
  3984 | D:5      | Reached XP level 8. HP: 70/70 MP: 7/7
  4091 | D:5      | Found a hide-covered altar of Uskayaw.
  4289 | D:5      | Reached skill level 8 in Axes
  4323 | D:5      | Found a large runed translucent door.
  4326 | D:5      | Found a large runed translucent door.
  4326 | D:5      | Noticed sirJeffrey23's ghost (novice DsMo)
  4501 | D:5      | Found a runed translucent door.
  4502 | D:5      | Noticed Crazy Yiuf
  4641 | D:5      | Found a basalt altar of Yredelemnul.
  5103 | D:6      | HP: 3/71 [poisoned by a gnoll]
  5104 | D:6      | Succumbed to a gnoll's poison

Illustrated notes

Levels and vault maps discovered:
D:1:      roderic_chinese_lattice_arrival, layout_loops_cross,
          minmay_misc_feat_columns, nicolae_figureground_sparkle
D:2:      layout_loops_ring, chequers_ecumenical_altar_simple_redux,
          minmay_domino_4, uniq_sigmund
D:3:      layout_rooms, zin_statuary, nicolae_dithmenos_shadow_blocks,
          serial_shops, shop, st_stairs_9, dk_noncrumbling_4,
          ebering_dispersal_statue_hall, minmay_fractal_squares_gapless_5,
          uniq_robin
D:4:      layout_rooms, grunt_temple_overflow_open, minmay_joined_circles
D:5:      layout_loops_ring, kennysheep_mini_moat, old_standard_altar,
          minmay_temple_entry_from_below_a, ebering_ghost_disaster_area,
          serial_shops, nicolae_shop_hallway_stairs, minivault_25,
          minmay_misc_feat_iff, serial_bayou_crossing, uniq_crazy_yiuf_cottage
D:6:      layout_loops_corners, nicolae_ru_great_annihilating_truth,
          overflow_temple_1_default, uniq_duvessa

Skill      XL: |  1  2  3  4  5  6  7  8 |
---------------+-------------------------+-----
Armour         | 5 6 7 |  7.9
Axes           | 4 6 7 8 |  8.6
Fighting       | 4 5 6 |  6.7
Shields        | 4 |  4.4

Action                   |  1- 3 |  4- 6 |  7- 9 || total
-------------------------+-------+-------+-------++-------
Melee: War axe           |    40 |   145 |   103 ||   288
       Headbutt          |     7 |    30 |    22 ||    59
  Use: Scroll            |       |       |     7 ||     7
       Potion            |       |       |     1 ||     1
Armor: Scale mail        |    16 |    94 |    22 ||   132
       Plate armour      |       |       |    21 ||    21
Dodge: Dodged            |    21 |    60 |    56 ||   137
Block: Buckler           |    11 |    32 |    30 ||    73

Table legend: (Time is in decaauts)
 A = Elapsed time spent in this place.
 B = Non-inter-level travel time spent in this place.
 C = Inter-level travel time spent in this place.
 D = Time resting spent in this place.
 E = Time spent auto-exploring this place.
 F = Levels seen in this place.
 G = Mean time per level.
                   A        B        C        D        E       F      G
               +--------+--------+--------+--------+--------+-----+--------+
         Total |   5178 |   5060 |    118 |    141 |   4020 |   6 |  863.0 |
       Dungeon |   5178 |   5060 |    118 |    141 |   4020 |   6 |  863.0 |
               +--------+--------+--------+--------+--------+-----+--------+

Top non-repeatable levels by time:
     D:4: 1210 daAuts
     D:3: 1127 daAuts
     D:5: 969 daAuts
     D:2: 895 daAuts
     D:1: 735 daAuts
     D:6: 239 daAuts
